 Dungeon Crawl Stone Soup version 0.15.2 (webtiles) character file.

106 MistressOfTheSands the Insei (level 4, 0/35 HPs)
             Began as a Mummy Monk on Nov 9, 2015.
             Killed from afar by an orc wizard (7 damage)
             ... with a magic dart
             ... on Level 3 of the Dungeon.
             The game lasted 00:03:08 (2946 turns).

MistressOfTheSands the Insei (Mummy Monk)           Turns: 2946, Time: 00:03:09

HP   0/35        AC  4     Str 14      XL: 4   Next: 55%
MP   4/4         EV 13     Int  9      God:
Gold 132         SH  0     Dex 15      Spells:  0 memorised,  3 levels left

rFire  x . .     SeeInvis .       - Unarmed
rCold  + + .     Clarity  .     j - +2 robe {rC+}
rNeg   + + +     rCorr    .     (no shield)
rPois  +         rRot     +     (no helmet)
rElec  .         Spirit   .     (no cloak)
SustAb .         Warding  .     (no gloves)
rMut   .         Stasis   .     (no boots)
Gourm  .                        (no amulet)
MR     .....                    (no ring)
                                (no ring)

@: slowed, very slow, not resistant to hostile enchantments, unstealthy
A: no food or potions, fire vulnerability, restore body, cold resistance 1,
negative energy resistance 3, poison resistance, torment resistance, unbreathing
a: no special abilities


You were on level 3 of the Dungeon.
You were not hungry.

You visited 1 branch of the dungeon, and saw 3 of its levels.

You collected 132 gold pieces.


Innate Abilities, Weirdness & Mutations

You do not eat or drink.
Your flesh is vulnerable to fire.
Your flesh is cold resistant.
You are immune to negative energy.
Your system is resistant to poisons.
You are immune to unholy pain and torment.
You can survive without breathing.


   Skills:
 - Level 3.0 Fighting
 - Level 2.4 Dodging
 - Level 1.5 Stealth
 + Level 5.0 Unarmed Combat


You had 3 spell levels left.
You didn't know any spells.

Inventory:

Missiles
 d - 11 poisoned needles
Armour
 a - a +0 robe
 j - a +2 robe of cold resistance (worn)
Scrolls
 b - 6 scrolls of identify {unknown}
 c - 3 scrolls of magic mapping {unknown}
 e - 3 scrolls of remove curse {unknown}
 f - 2 scrolls of recharging {unknown}
 g - a scroll of blinking {unknown}
 h - 2 scrolls of immolation {unknown}
 i - a scroll of enchant armour {unknown}
 k - a scroll of amnesia {unknown}
 l - a scroll of teleportation {unknown}

Dungeon Overview and Level Annotations

Branches:
Dungeon (3/15)

Altars:
Xom

Annotations:
D:1 Ijyb

. #####.. ...
#+##.....#
....#######..).#
............####
.......o.....#
......K.M....#
###..........####.#
#...............#
############'#######
#....# #.######
#....#######......#
#........#.+......#
#..........#......#
#...#####..#......#


You could see an orc wizard and a kobold.


Message History

The orc wizard blinks!
The orc wizard mumbles some strange words.
The orc wizard blinks!
The orc wizard casts a spell at you. The magic dart hits you!
A kobold comes into view. It is wielding a dagger.
The orc wizard mumbles some strange words.
The orc wizard blinks!
The orc wizard hits you but does no damage.
You barely miss the orc wizard.
The orc wizard is moderately wounded.
The orc wizard points at you and mumbles some strange words.
You feel yourself slow down.
You hit the orc wizard.
The orc wizard is heavily wounded.
The orc wizard casts a spell at you. The magic dart hits you!
The orc wizard hits you with a dagger.
* * * LOW HITPOINT WARNING * * *
You barely miss the orc wizard.
The orc wizard is heavily wounded.
The orc wizard hits you with a dagger.
* * * LOW HITPOINT WARNING * * *
The orc wizard hits you with a dagger.
* * * LOW HITPOINT WARNING * * *
You hit the orc wizard but do no damage.
The orc wizard is heavily wounded.
The orc wizard hits you but does no damage.
The orc wizard points at you and mumbles some strange words.
The magic dart hits you!
You die...

Action                   |  1- 3 |  4- 6 || total
-------------------------+-------+-------++-------
Melee: Unarmed           |   189 |    41 ||   230
 Stab: Sleeping          |     1 |     2 ||     3

Vault maps used:
D:1:      roderic_dead_forest, minmay_close_crescents
D:2:      kennysheep_the_goblin_king, xom_butterflies
D:3:      lemuel_crystal_altar, kennysheep_jessica_study

Notes
Turn   | Place    | Note
--------------------------------------------------------------
     0 | D:1      | MistressOfTheSands, the Mummy Monk, began the quest for the Orb.
     0 | D:1      | Reached XP level 1. HP: 18/18 MP: 1/1
   107 | D:1      | Reached XP level 2. HP: 14/24 MP: 2/2
   573 | D:1      | HP: 1/24 [hobgoblin/club (3)]
   574 | D:1      | Reached skill level 4 in Unarmed Combat
  1157 | D:2      | Found a shimmering altar of Xom.
  1159 | D:2      | Reached XP level 3. HP: 29/29 MP: 3/3
  1908 | D:2      | Noticed Ijyb
  2508 | D:2      | Reached XP level 4. HP: 20/35 MP: 4/4
  2617 | D:3      | Noticed Jessica
  2654 | D:3      | Killed Jessica
  2869 | D:3      | Reached skill level 5 in Unarmed Combat
  2946 | D:3      | Killed from afar by an orc wizard

Vanquished Creatures
  Jessica (D:3)
  An adder (D:2)
  2 worms (D:2)
  4 giant geckos
  3 orcs (D:3)
  10 goblins
  7 hobgoblins
  A quokka (D:3)
  3 ball pythons
  2 bats
  A giant cockroach (D:3)
  3 giant newts
  4 jackals
  9 kobolds
  12 rats
  A butterfly (D:2)
64 creatures vanquished.
